 Dungeon Crawl Stone Soup version 0.25.1-2-g60ff931df9 (console) character file.

Game seed: 13139890856777882569

61407 Colgate the Nimble (level 15, 0/119 HPs)
             Began as a Gnoll Fighter on July 17, 2020.
             Was the Champion of Lugonu.
             Slain by a red draconian
             ... wielding a +1 great sword of flaming
              (3 damage)
             ... in a volcano on July 29, 2020.
             The game lasted 05:29:29 (21266 turns).

Colgate the Nimble (Gnoll Fighter)                 Turns: 21266, Time: 05:29:29

Health: 0/119      AC: 14    Str: 19    XL:     15   Next: 2%
Magic:  3/37       EV: 22    Int: 22    God:    Lugonu [******]
Gold:   1279       SH:  0    Dex: 19    Spells: 7/33 levels left

rFire    + . .     SeeInvis +   W - +6 arbalest {flame, Fragile MP+9 Int+6 Dex+4}
rCold    . . .     Gourm    .   (shield currently unavailable)
rNeg     . . .     Faith    .   F - +0 acid dragon scales
rPois    .         Spirit   .   z - +2 helmet {SInv}
rElec    .         Reflect  .   C - +0 cloak
rCorr    +         Harm     .   (no gloves)
MR       +....                  (no boots)
Stlth    ++++......             J - amulet of the acrobat
HPRegen  0.29/turn              D - ring of protection from fire
MPRegen  0.25/turn              m - ring of see invisible

@: brilliant, studying Dodging
A: distributed training, fangs 1, strong nose
a: Depart the Abyss, Bend Space, Banish, Corrupt, Enter the Abyss, Brand Weapon
With Distortion, Renounce Religion


You were in a volcano.
You worshipped Lugonu.
Lugonu was exalted by your worship.
You were very hungry.

You visited 2 branches of the dungeon, and saw 18 of its levels.
You also visited: Bailey and Volcano.

You collected 1436 gold pieces.
You spent 157 gold pieces at shops.

Inventory:

Hand Weapons
 U - a +3 hunting sling of freezing
 W - the +6 arbalest "Viargh" (weapon) {flame, Fragile MP+9 Int+6 Dex+4}
   (You found it on level 10 of the Dungeon)

   It causes projectiles fired from it to burn those they strike, causing extra
   injury to most foes and up to half again as much damage against particularly
   susceptible opponents.
   It affects your intelligence (+6).
   It affects your dexterity (+4).
   It affects your magic capacity (+9).
   It will be destroyed if unequipped.
 Y - a +1 short sword of venom
Missiles
 o - 135 bolts (quivered)
 t - 16 poisoned darts
 G - 15 boomerangs
 S - 14 javelins
Armour
 a - the +4 chain mail of Faove {Dex+4}
   (You found it in a bailey)

   It affects your dexterity (+4).
 z - a +2 helmet of see invisible (worn)
 C - a +0 cloak (worn)
 F - +0 acid dragon scales (worn)
 K - a +1 ring mail of magic resistance
 R - +1 steam dragon scales
 Z - the +6 chain mail of the Ward {rC- Str+5}
   (You found it on level 3 of the Lair of Beasts)

   It affects your strength (+5).
   It makes you vulnerable to cold.
Jewellery
 m - a ring of see invisible (right hand)
 D - a ring of protection from fire (left hand)
 J - an amulet of the acrobat (around neck)
Wands
 b - a wand of disintegration (22)
 c - a wand of flame (13)
 d - a wand of paralysis (28)
 e - a wand of random effects (13)
 n - a wand of enslavement (15)
 x - a wand of digging (8)
 y - a wand of iceblast (7)
Scrolls
 g - a scroll of fog
 l - 12 scrolls of identify
 p - a scroll of fear
 w - 12 scrolls of teleportation
 B - 2 scrolls of remove curse
 E - a scroll of enchant weapon
 H - 3 scrolls of immolation
 O - 2 scrolls of enchant armour
Potions
 i - 6 potions of curing
 j - 4 potions of lignification
 k - 2 potions of magic
 q - 3 potions of brilliance
 r - a potion of berserk rage
 u - a potion of flight
 v - 3 potions of ambrosia
 I - 3 potions of stabbing
 L - 3 potions of mutation
 T - a potion of invisibility
Books
 M - a manual of Dodging
Comestibles
 f - 24 rations


   Skills:
 + Level 11.4 Fighting
 + Level 9.5 Short Blades
 + Level 9.5 Long Blades
 + Level 10.5 Axes
 + Level 9.5 Maces & Flails
 + Level 9.5 Polearms
 + Level 9.5 Staves
 + Level 9.5 Slings
 + Level 9.5 Bows
 + Level 9.5 Crossbows
 + Level 9.5 Throwing
 + Level 11.4 Armour
 + Level 12.7 Dodging
 + Level 9.5 Stealth
 + Level 11.4 Shields
 + Level 9.5 Unarmed Combat
 + Level 9.5 Spellcasting
 + Level 8.0 Conjurations
 + Level 8.0 Hexes
 + Level 8.0 Charms
 + Level 8.0 Summonings
 + Level 8.0 Necromancy
 + Level 8.0 Translocations
 + Level 8.0 Transmutations
 + Level 8.0 Fire Magic
 + Level 8.0 Ice Magic
 + Level 8.0 Air Magic
 + Level 8.0 Earth Magic
 + Level 8.0 Poison Magic
 + Level 10.3 Invocations
 + Level 9.5 Evocations


You had 7 spell levels left.
You knew the following spells:

 Your Spells              Type           Power        Failure   Level  Hunger
a - Mephitic Cloud        Conj/Pois/Air  ######..     1%          3    None
b - Static Discharge      Conj/Air       ######..     1%          3    None
c - Ignite Poison         Fire/Tmut/Pois ######..     1%          3    None
d - Poisonous Vapours     Pois/Air       ######       1%          2    None
e - Swiftness             Chrm/Air       ######..     1%          2    None
f - Animate Dead          Necr           N/A          2%          4    None
g - Olgreb's Toxic Radia  Pois           ######..     2%          4    None
i - Lightning Bolt        Conj/Air       ######....   8%          5    None

Your spell library contained the following spells:

 Spells                   Type           Power        Failure   Level  Hunger
 Animate Skeleton         Necr           N/A          1%          1    None
 Beastly Appendage        Tmut           ######       1%          1    None
 Infusion                 Chrm           ####         1%          1    None
 Magic Dart               Conj           ####         1%          1    None
 Pain                     Necr           ####         1%          1    None
 Sandblast                Erth           ######       1%          1    None
 Shock                    Conj/Air       ####         1%          1    None
 Sting                    Tmut/Pois      ####         1%          1    None
 Passwall                 Tmut/Erth      ######..     1%          2    None
 Searing Ray              Conj           ######       1%          2    None
 Shroud of Golubria       Chrm/Tloc      ######       1%          2    None
 Song of Slaying          Chrm           ######..     1%          2    None
 Sticks to Snakes         Tmut           ######..     1%          2    None
 Dazzling Flash           Conj/Hex       ######       1%          3    None
 Ozocubu's Armour         Chrm/Ice       ######..     1%          3    None
 Spectral Weapon          Hex/Chrm       ######..     1%          3    None
 Spider Form              Tmut/Pois      ######....   1%          3    None
 Stone Arrow              Conj/Erth      ######       1%          3    None
 Vampiric Draining        Necr           ######....   1%          3    None
 Airstrike                Air            ######....   2%          4    None
 Fulminant Prism          Conj/Hex       ######....   2%          4    None
 Ice Form                 Ice/Tmut       ######..     2%          4    None
 Iskenderun's Mystic Bla  Conj/Tloc      ######..     2%          4    None
 Petrify                  Tmut/Erth      ######..     2%          4    None
 Agony                    Necr           ######..     8%          5    None
 Blade Hands              Tmut           ######....   8%          5    None
 Lee's Rapid Deconstruct  Erth           ######....   8%          5    None
 Metabolic Englaciation   Hex/Ice        ######....   8%          5    None
 Freezing Cloud           Conj/Ice/Air   ######....   41%         6    None
 Ozocubu's Refrigeration  Ice            ######....   41%         6    None
 Simulacrum               Ice/Necr       ######....   41%         6    None


Dungeon Overview and Level Annotations

Branches:
Dungeon (14/15)            Temple (0/1) D:4            Lair (4/6) D:9
 Shoals (0/4) Lair:3        Snake (0/4) Lair:2          Orc (0/2) D:9
 Vaults (0/5) D:13         Bailey (visited)         Volcano (1/1)

Altars:
Ashenzari
Cheibriados
Dithmenos
Fedhas
Hepliaklqana
Makhleb
Nemelex Xobeh
Qazlal
Sif Muna
Vehumet
Wu Jian
Lugonu

Shops:
D:4 (=[[   D:6 =

Annotations:
Abyss:1 Gastronok, Ijyb, Menkaure, Nergalle, Prince Ribbit


Innate Abilities, Weirdness & Mutations

Your experience applies equally to all skills.
You have very sharp teeth.
Your uncanny sense of smell can sniff out nearby items.


Message History

You shoot a bolt. The bolt hits the red draconian.
The red draconian is severely wounded.
The red draconian closely misses you.
Firing (i - inventory. (/) - cycle)
o - 137 bolts (quivered)
Press: ? - help, Shift-Dir - straight line, f/p - red draconian
Aim: a red draconian, wielding a +1 great sword of flaming and wearing a +0 cloak (severely wounded, catching its breath)
You shoot a bolt.
The bolt hits the red draconian but does no damage.
The red draconian is severely wounded.
The red draconian hits you with a +1 great sword of flaming!
* * * LOW HITPOINT WARNING * * *
The red draconian burns you.
* * * LOW HITPOINT WARNING * * *
Firing (i - inventory. (/) - cycle)
o - 136 bolts (quivered)
Press: ? - help, Shift-Dir - straight line, f/p - red draconian
Aim: a red draconian, wielding a +1 great sword of flaming and wearing a +0 cloak (black smoke, severely wounded)
You shoot a bolt. The bolt hits the red draconian.
The red draconian is severely wounded.
The red draconian hits you with a +1 great sword of flaming.
You die...

##≈≈≈°# ##≈§§≈≈# #.≈≈°§#
#≈§§≈≈.∆ ###...≈≈##
##§≈§≈§) #....!≈≈§#
#§§§.∩$$ ###..∩.≈≈#
#§≈§≈..## ###.≈≈##
#≈≈≈§!.) #.#### #≈§≈≈(#
##.### #≈≈≈≈.##
############..#
##≈≈##.###...##..##...##
## ##.).)d@§..§.....#
##.(.§§§.§§≈.....#
#...(§§≈§§§≈≈≈.§...#
#....≈≈§§§§≈≈§≈≈....#
##...(≈≈≈≈§≈≈≈≈§≈§...#
#...(.≈≈≈≈≈§≈≈≈≈≈≈...#
###...(≈§§≈≈§§§§≈.....
(..(..§≈§≈§§§§......


You could see a red draconian.

Vanquished Creatures
  5 vault guards (D:13)
  4 hydras
  2 death knights
  A tengu warrior (D:14)
  4 two-headed ogres
  2 ogre magi
  2 centaur warriors (D:14)
  A deep elf knight (D:13)
  4 skeletal warriors (D:12)
  5 unseen horrors
  A phantasmal warrior (D:14)
  A wizard (D:13)
  Pikel (D:5)
  2 deep elf magi
  2 orc knights (Bailey)
  An ugly thing (D:11)
  2 cyclopes
  2 manticores
  An orc sorcerer (D:13)
  2 black mambas (Lair:2)
  Joseph (Lair:1)
  2 centaur zombies
  A gargoyle (D:13)
  7 spiny frogs
  Maggie (D:7)
  A centaur skeleton (D:11)
  5 komodo dragons
  A freezing wraith (D:14)
  A harpy zombie (D:13)
  5 trolls
  2 tengu conjurers (D:14)
  A queen bee (D:8)
  18 blink frogs
  15 slime creatures
  Grinder (D:4)
  7 hippogriffs
  A water elemental (D:14)
  A wyvern (D:12)
  A wraith (D:14)
  32 yaks
  Eustachio (D:5)
  3 basilisks
  A steam dragon (D:7)
  2 hungry ghosts
  3 vampire mosquitoes (D:13)
  2 soldier ants
  2 acid dragons
  7 porcupines
  9 water moccasins
  3 sky beasts
  5 ice beasts
  17 orc warriors
  4 black bears
  A necrophage (D:12)
  A phantom (D:13)
  3 slaves (D:5)
  7 wolves
  5 ogres
  12 centaurs
  6 crocodiles
  A big kobold (D:8)
  A wyvern zombie (D:13)
  8 bullfrogs
  A wyvern skeleton (D:11)
  7 scorpions
  17 killer bees
  4 howler monkeys
  An electric eel (Lair:1)
  4 crimson imps
  A quasit (D:5)
  3 bullfrog zombies (D:7)
  4 hounds
  2 jellies
  6 orc priests
  5 iguanas
  Jessica (D:6)
  7 orc wizards
  12 worker ants
  A killer bee zombie (D:6)
  A human simulacrum (D:12)
  Robin (D:2)
  4 gnolls
  18 adders
  6 shadow imps
  5 adder skeletons
  4 worms
  A dart slug (D:2)
  4 leopard geckos
  65 orcs
  A ball python (D:3)
  4 bats
  3 giant cockroaches
  13 goblins
  9 hobgoblins
  A jackal (D:4)
  3 frilled lizards (D:4)
  6 kobolds
  A quokka skeleton (D:5)
  A quokka zombie (D:8)
  5 rats
  2 fungi
  A plant (D:9)
488 creatures vanquished.

Vanquished Creatures (collateral kills)
  2 spiny frogs (Lair:4)
  A blink frog (Lair:4)
  A wyvern (D:8)
  3 yaks (Lair:4)
  A basilisk (Lair:4)
  2 water moccasins (Lair:4)
  A porcupine (Lair:4)
  2 wolves (Lair:4)
  2 bullfrogs
  A shadow imp (D:11)
  A fungus (Lair:4)
17 creatures vanquished.

Vanquished Creatures (others)
  2 hydras (D:12)
  2 two-headed ogres (D:11)
  An orc knight (Bailey)
  A hippogriff (D:8)
  A vampire mosquito (D:8)
  2 orc warriors (D:7)
  A centaur (D:7)
  A bullfrog (D:6)
  2 killer bees (D:8)
  A crimson imp (D:5)
  An orc wizard (D:5)
  A human simulacrum (D:12)
  An orc (Bailey)
  4 fungi
21 creatures vanquished.

Grand Total: 526 creatures vanquished

Notes
Turn   | Place    | Note
-------+----------+-------------------------------------------
     0 | D:1      | Colgate the Gnoll Fighter began the quest for the Orb.
     0 | D:1      | Reached XP level 1. HP: 23/23 MP: 1/1
   229 | D:1      | Reached XP level 2. HP: 17/29 MP: 2/2
   754 | D:2      | Reached XP level 3. HP: 35/35 MP: 3/3
   755 | D:2      | Found a faded altar of an unknown god.
   797 | D:2      | Reached skill level 1 in Invocations
   809 | D:2      | Became a worshipper of Lugonu the Unformed
   809 | D:2      | Reached * piety under Lugonu
   809 | D:2      | Reached ** piety under Lugonu
   877 | D:2      | Upgraded the game from 0.25.0-46-gbd7b0854d2 to
                  | 0.25.1-1-g288607f5aa
   947 | D:2      | Reached skill level 1 in Short Blades
   947 | D:2      | Reached skill level 1 in Long Blades
   947 | D:2      | Reached skill level 1 in Maces & Flails
   947 | D:2      | Reached skill level 1 in Polearms
   947 | D:2      | Reached skill level 1 in Staves
   947 | D:2      | Reached skill level 1 in Slings
   947 | D:2      | Reached skill level 1 in Bows
   947 | D:2      | Reached skill level 1 in Crossbows
   947 | D:2      | Reached skill level 1 in Throwing
   947 | D:2      | Reached skill level 1 in Dodging
   947 | D:2      | Reached skill level 1 in Stealth
   947 | D:2      | Reached skill level 1 in Unarmed Combat
   947 | D:2      | Reached skill level 1 in Spellcasting
   947 | D:2      | Reached skill level 1 in Evocations
  1047 | D:2      | Noticed Robin
  1052 | D:2      | Reached XP level 4. HP: 34/41 MP: 5/5
  1052 | D:2      | Killed Robin
  1379 | D:3      | Reached skill level 1 in Conjurations
  1379 | D:3      | Reached skill level 1 in Hexes
  1379 | D:3      | Reached skill level 1 in Charms
  1379 | D:3      | Reached skill level 1 in Summonings
  1379 | D:3      | Reached skill level 1 in Necromancy
  1379 | D:3      | Reached skill level 1 in Translocations
  1379 | D:3      | Reached skill level 1 in Transmutations
  1379 | D:3      | Reached skill level 1 in Fire Magic
  1379 | D:3      | Reached skill level 1 in Ice Magic
  1379 | D:3      | Reached skill level 1 in Air Magic
  1379 | D:3      | Reached skill level 1 in Earth Magic
  1379 | D:3      | Reached skill level 1 in Poison Magic
  1379 | D:3      | Reached XP level 5. HP: 42/47 MP: 6/6
  1787 | D:3      | Noticed a hippogriff
  1798 | D:3      | Killed a hippogriff
  1798 | D:3      | Reached *** piety under Lugonu
  1798 | D:3      | Reached skill level 5 in Axes
  1798 | D:3      | Reached XP level 6. HP: 41/53 MP: 8/8
  2102 | D:4      | Reached skill level 2 in Dodging
  2241 | D:4      | Noticed Grinder
  2273 | D:4      | Killed Grinder
  2273 | D:4      | Reached XP level 7. HP: 41/60 MP: 10/10
  2476 | D:4      | Found a staircase to the Ecumenical Temple.
  2616 | D:4      | Noticed Ijyb
  2623 | D:4      | Banished Ijyb
  2732 | D:4      | Found Dirr's Antique Armour Emporium.
  2740 | D:4      | Bought a shiny chain mail for 157 gold pieces
  2954 | D:4      | Found Kodipnaq's Jewellery Shop.
  3007 | D:4      | Found Emalek's Antique Weapon Shop.
  3180 | D:4      | Found Ygrausux's Armour Emporium.
  3494 | D:5      | Entered Level 5 of the Dungeon
  3714 | D:5      | Noticed Prince Ribbit
  3730 | D:5      | Banished Prince Ribbit
  3730 | D:5      | Reached skill level 3 in Dodging
  3730 | D:5      | Reached XP level 8. HP: 64/67 MP: 12/12
  3879 | D:5      | Found a stormy altar of Qazlal.
  3929 | D:5      | Noticed Pikel
  3946 | D:5      | Paralysed by Pikel for 5 turns
  3955 | D:5      | Killed Pikel
  3955 | D:5      | Reached skill level 4 in Dodging
  4050 | D:5      | Noticed Menkaure
  4069 | D:5      | Banished Menkaure
  4310 | D:5      | Found a hazy altar of Hepliaklqana.
  4312 | D:5      | Found a shattered altar of Ashenzari.
  4312 | D:5      | Found a snail-covered altar of Cheibriados.
  4313 | D:5      | Found a sparkling altar of Nemelex Xobeh.
  4314 | D:5      | Found an ornate altar of the Wu Jian Council.
  4316 | D:5      | Found a blossoming altar of Fedhas.
  4317 | D:5      | Found a shadowy altar of Dithmenos.
  4318 | D:5      | Found a radiant altar of Vehumet.
  4372 | D:5      | Noticed Eustachio
  4381 | D:5      | Killed Eustachio
  4381 | D:5      | Reached XP level 9. HP: 72/72 MP: 14/14
  4800 | D:6      | Reached skill level 5 in Dodging
  4949 | D:6      | Found Cygiq's Jewellery Shoppe.
  5294 | D:6      | Noticed Jessica
  5300 | D:6      | Killed Jessica
  5307 | D:6      | Found a shimmering blue altar of Sif Muna.
  5401 | D:7      | Noticed Maggie
  5424 | D:7      | Killed Maggie
  5472 | D:7      | Reached **** piety under Lugonu
  5514 | D:7      | Reached skill level 5 in Invocations
  5574 | D:7      | Reached skill level 6 in Dodging
  5755 | D:7      | Reached XP level 10. HP: 73/80 MP: 17/17
  6718 | D:8      | Reached skill level 5 in Short Blades
  6718 | D:8      | Reached skill level 5 in Long Blades
  6718 | D:8      | Reached skill level 5 in Maces & Flails
  6718 | D:8      | Reached skill level 5 in Polearms
  6718 | D:8      | Reached skill level 5 in Staves
  6718 | D:8      | Reached skill level 5 in Slings
  6718 | D:8      | Reached skill level 5 in Bows
  6718 | D:8      | Reached skill level 5 in Crossbows
  6718 | D:8      | Reached skill level 5 in Throwing
  6718 | D:8      | Reached skill level 5 in Stealth
  6718 | D:8      | Reached skill level 5 in Unarmed Combat
  6718 | D:8      | Reached skill level 5 in Spellcasting
  6718 | D:8      | Reached skill level 5 in Evocations
  6997 | D:8      | Reached skill level 7 in Dodging
  7006 | D:8      | Reached ***** piety under Lugonu
  7602 | D:8      | Learned a level 3 spell: Mephitic Cloud
  7606 | D:8      | Learned a level 3 spell: Static Discharge
  7610 | D:8      | Learned a level 3 spell: Ignite Poison
  7613 | D:8      | Learned a level 2 spell: Poisonous Vapours
  7616 | D:8      | Learned a level 2 spell: Swiftness
  7618 | D:8      | Learned a level 1 spell: Shock
  8204 | D:9      | Reached XP level 11. HP: 74/87 MP: 2/19
  8562 | D:9      | Paralysed by an orc for 5 turns
  8684 | D:9      | Found a staircase to the Orcish Mines.
  8841 | D:9      | Found a staircase to the Lair.
  9199 | D:10     | Entered Level 10 of the Dungeon
  9199 | D:10     | Noticed a manticore
  9201 | D:10     | Banished a manticore
  9397 | D:10     | Got a bloodstained arbalest
  9403 | D:10     | Identified the +6 arbalest "Viargh" {flame, Fragile MP+9
                  | Int+6 Dex+4} (You found it on level 10 of the Dungeon)
  9419 | D:10     | Learned a level 4 spell: Olgreb's Toxic Radiance
  9544 | D:10     | Noticed Nergalle
  9545 | D:10     | Banished Nergalle
  9545 | D:10     | Reached skill level 8 in Dodging
  9588 | D:10     | Learned a level 4 spell: Animate Dead
 10002 | D:11     | Noticed a two-headed ogre
 10003 | D:11     | Banished a two-headed ogre
 10003 | D:11     | Reached skill level 5 in Conjurations
 10003 | D:11     | Reached skill level 5 in Hexes
 10003 | D:11     | Reached skill level 5 in Charms
 10003 | D:11     | Reached skill level 5 in Summonings
 10003 | D:11     | Reached skill level 5 in Necromancy
 10003 | D:11     | Reached skill level 5 in Translocations
 10003 | D:11     | Reached skill level 5 in Transmutations
 10003 | D:11     | Reached skill level 5 in Fire Magic
 10003 | D:11     | Reached skill level 5 in Ice Magic
 10003 | D:11     | Reached skill level 5 in Air Magic
 10003 | D:11     | Reached skill level 5 in Earth Magic
 10003 | D:11     | Reached skill level 5 in Poison Magic
 10007 | D:11     | Noticed a two-headed ogre
 10010 | D:11     | Banished a two-headed ogre
 10109 | D:11     | Noticed an unseen horror
 10113 | D:11     | Killed an unseen horror
 10397 | D:11     | Found a flagged portal.
 10406 | Bailey   | Entered a bailey
 10406 | Bailey   | Noticed an orc knight
 10416 | Bailey   | Noticed an orc knight
 10422 | Bailey   | Killed an orc knight
 10630 | Bailey   | Noticed an orc knight
 10637 | Bailey   | Killed an orc knight
 10737 | Bailey   | Reached skill level 9 in Dodging
 10811 | Bailey   | Got a brightly glowing leather armour
 10822 | Bailey   | Identified the +2 leather armour of Qeg Lughi {-Cast rCorr
                  | SInv} (You found it in a bailey)
 10875 | Bailey   | Got a transparent chain mail
 10888 | Bailey   | Identified the +4 chain mail of Faove {Dex+4} (You found it
                  | in a bailey)
 11054 | D:11     | Reached XP level 12. HP: 63/96 MP: 22/22
 12393 | D:12     | Noticed an eight-headed hydra
 12394 | D:12     | Banished an eight-headed hydra
 12765 | D:11     | Learned a level 4 spell: Airstrike
 12843 | D:12     | Reached skill level 10 in Dodging
 13041 | D:12     | Noticed a six-headed hydra
 13062 | D:12     | Banished a six-headed hydra
 13069 | D:12     | Reached skill level 10 in Fighting
 13069 | D:12     | Reached skill level 10 in Armour
 13069 | D:12     | Reached skill level 10 in Shields
 13662 | D:12     | Reached XP level 13. HP: 103/103 MP: 15/24
 14360 | Lair:1   | Entered Level 1 of the Lair of Beasts
 14374 | Lair:1   | Noticed Joseph
 14381 | Lair:1   | Killed Joseph
 14641 | Lair:1   | Noticed Gastronok
 14642 | Lair:1   | Banished Gastronok
 15315 | Lair:2   | Reached skill level 11 in Dodging
 15568 | Lair:2   | Found a staircase to the Snake Pit.
 16530 | Lair:3   | Found a staircase to the Shoals.
 16784 | Lair:3   | Got a fine chain mail
 17585 | D:13     | Noticed a vault guard
 17624 | D:13     | Killed a vault guard
 17847 | D:13     | Reached XP level 14. HP: 111/111 MP: 26/26
 18301 | D:13     | Reached skill level 10 in Axes
 18329 | D:13     | Reached ****** piety under Lugonu
 18393 | D:13     | Found a gate to the Vaults.
 18397 | D:13     | Reached skill level 12 in Dodging
 19730 | D:14     | Reached skill level 10 in Invocations
 20317 | D:14     | Found a burning altar of Makhleb.
 21130 | Lair:4   | Found a dark tunnel.
 21139 | Volcano  | Entered a volcano
 21140 | Volcano  | Upgraded the game from 0.25.1-1-g288607f5aa to
                  | 0.25.1-2-g60ff931df9
 21150 | Volcano  | Identified the +6 chain mail of the Ward {rC- Str+5} (You
                  | found it on level 3 of the Lair of Beasts)
 21186 | Volcano  | Learned a level 5 spell: Lightning Bolt
 21226 | Volcano  | Reached XP level 15. HP: 106/119 MP: 21/28
 21258 | Volcano  | HP: 5/119 [red draconian/searing blast (15)]
 21265 | Volcano  | HP: 5/119 [red draconian/+1 great sword of flaming (9)]
 21266 | Volcano  | Slain by a red draconian

Illustrated notes

Levels and vault maps discovered:
D:1:      heliophobic_arrival_henge, layout_rooms
D:2:      layout_basic, chequers_ecumenical_altar_island, uniq_robin
D:3:      layout_rooms
D:4:      layout_layer_cave, temple_pool_b, first_ration, serial_shops, shop,
          shop, nicolae_shop_competitors_out_of_business, nicolae_shop_stone,
          minmay_manual_mullet, uniq_grinder, uniq_ijyb
D:5:      layout_gridville, minitemple, uniq_pikel, uniq_eustachio,
          uniq_prince_ribbit1, uniq_menkaure
D:6:      layout_basic, serial_shops, nicolae_shop_trees, tgw_sif
D:7:      layout_basic, serial_glass, glass_columns_a, glass_columns_c,
          glass_columns_b, glass_columns_c, glass_columns_b, glass_columns_a,
          glass_columns_a, glass_columns_a, uniq_maggie
D:8:      minmay_bloctagon_deflated, layout_basic, minmay_fountain_box,
          st_stairs_14, david_nohive_1
D:9:      layout_loops_cross, grunt_lair_entry_orc_guard_hut, hiddenorc2_lemuel
D:10:     layout_long_grid, uniq_nergalle
D:11:     layout_basic, enter_bailey_2
D:12:     layout_basic, bh_circular_ruins
D:13:     layout_cave_pods, grunt_vaults_entry_fortified
D:14:     layout_cave_pools, kennysheep_cross_landing, gauntlet_entry_generic,
          makhleb_altar_promises_db
Lair:1:   layout_gridlike, uniq_gastronok, uniq_joseph
Lair:2:   layout_cave_pods, guppyfry_snake_entry_garden, grunt_megastairs_5
Lair:3:   layout_roguey, minmay_shoals_entry_beasts
Lair:4:   layout_misc_corridors, enter_volcano_2, serial_bayou_shore_a
Volcano:  volcano_pools

Skill      XL: |  1  2  3  4  5  6  7  8  9 10 11 12 13 14 |
---------------+-------------------------------------------+-----
Invocations    | 1 2 3 4 5 6 7 8 9 10 | 10.3
Short Blades   | 1 2 3 4 5 6 7 8 9 |  9.5
Long Blades    | 1 2 3 4 5 6 7 8 9 |  9.5
Maces & Flails | 1 2 3 4 5 6 7 8 9 |  9.5
Polearms       | 1 2 3 4 5 6 7 8 9 |  9.5
Staves         | 1 2 3 4 5 6 7 8 9 |  9.5
Slings         | 1 2 3 4 5 6 7 8 9 |  9.5
Bows           | 1 2 3 4 5 6 7 8 9 |  9.5
Crossbows      | 1 2 3 4 5 6 7 8 9 |  9.5
Throwing       | 1 2 3 4 5 6 7 8 9 |  9.5
Dodging        | 1 2 3 4 6 7 9 10 11 12 | 12.7
Stealth        | 1 2 3 4 5 6 7 8 9 |  9.5
Unarmed Combat | 1 2 3 4 5 6 7 8 9 |  9.5
Spellcasting   | 1 2 3 4 5 6 7 8 9 |  9.5
Evocations     | 1 2 3 4 5 6 7 8 9 |  9.5
Conjurations   | 1 2 3 4 5 6 7 8 |  8.0
Hexes          | 1 2 3 4 5 6 7 8 |  8.0
Charms         | 1 2 3 4 5 6 7 8 |  8.0
Summonings     | 1 2 3 4 5 6 7 8 |  8.0
Necromancy     | 1 2 3 4 5 6 7 8 |  8.0
Translocations | 1 2 3 4 5 6 7 8 |  8.0
Transmutations | 1 2 3 4 5 6 7 8 |  8.0
Fire Magic     | 1 2 3 4 5 6 7 8 |  8.0
Ice Magic      | 1 2 3 4 5 6 7 8 |  8.0
Air Magic      | 1 2 3 4 5 6 7 8 |  8.0
Earth Magic    | 1 2 3 4 5 6 7 8 |  8.0
Poison Magic   | 1 2 3 4 5 6 7 8 |  8.0
Axes           | 5 6 7 8 9 10 | 10.5
Fighting       | 7 8 9 10 11 | 11.4
Armour         | 7 8 9 10 11 | 11.4
Shields        | 7 8 9 10 11 | 11.4

Action                   |  1- 3 |  4- 6 |  7- 9 | 10-12 | 13-15 || total
-------------------------+-------+-------+-------+-------+-------++-------
Melee: War axe           |    49 |     6 |       |     1 |       ||    56
       Bite              |     5 |     8 |    22 |     7 |       ||    42
       Short sword       |       |    97 |    45 |     3 |       ||   145
       Hand axe          |       |       |   103 |   112 |       ||   215
       Whip              |       |       |    14 |     2 |       ||    16
 Fire: Hunting sling     |     6 |       |    15 |       |       ||    21
       Fustibalus        |       |       |    58 |    87 |       ||   145
       Arbalest          |       |       |       |   153 |   327 ||   480
Throw: Stone             |     1 |       |       |       |       ||     1
       Dart              |     9 |    23 |    30 |    11 |       ||    73
       Javelin           |     4 |     6 |    41 |    36 |       ||    87
       Boomerang         |       |     7 |       |       |       ||     7
       Throwing net      |       |       |     5 |       |       ||     5
 Cast: Shock             |       |       |       |    69 |       ||    69
       Poisonous Vapours |       |       |       |    64 |    39 ||   103
       Ignite Poison     |       |       |       |    18 |    36 ||    54
       Mephitic Cloud    |       |       |       |     8 |    11 ||    19
       Static Discharge  |       |       |       |     2 |    34 ||    36
       Animate Dead      |       |       |       |    12 |     8 ||    20
       Olgreb's Toxic Ra |       |       |       |    12 |    20 ||    32
       Airstrike         |       |       |       |     9 |       ||     9
       Lightning Bolt    |       |       |       |       |     4 ||     4
Invok: Banish            |       |       |       |     9 |     1 ||    10
       Bend Space        |       |       |       |     2 |     1 ||     3
Evoke: Wand              |       |       |       |    10 |       ||    10
  Use: Potion            |       |       |     6 |     1 |     2 ||     9
       Scroll            |       |       |     6 |    12 |     4 ||    22
  Eat: Chunk             |       |     4 |    11 |    26 |    23 ||    64
       Ration            |       |       |       |     2 |     1 ||     3
Armor: Ring mail         |    13 |     5 |     6 |       |       ||    24
       Scale mail        |     1 |    39 |       |       |       ||    40
       Leather armour    |     2 |     1 |       |       |       ||     3
       Chain mail        |       |       |    66 |    43 |       ||   109
       Skin              |       |       |    10 |       |       ||    10
       Steam dragon scal |       |       |     1 |    35 |    29 ||    65
       Acid dragon scale |       |       |       |       |     2 ||     2
Dodge: Dodged            |    17 |    35 |    45 |   157 |   130 ||   384
Block: Kite shield       |    29 |    60 |    95 |   109 |       ||   293
       Buckler           |       |       |     1 |       |       ||     1
